 Dungeon Crawl Stone Soup version 0.21.1-1-g345015f (webtiles) character file.

32 Kairos the Skirmisher (level 3, -2/30 HPs)
             Began as a Demonspawn Abyssal Knight on Mar 26, 2018.
             Was a Follower of Lugonu.
             Slain by an adder (3 damage)
             ... on level 2 of the Dungeon.
             The game lasted 00:02:12 (1206 turns).

Kairos the Skirmisher (Demonspawn Abyssal Knight)   Turns: 1206, Time: 00:02:13

Health: -2/30      AC:  8    Str: 13    XL:     3   Next: 10%
Magic:  4/4        EV:  7    Int: 13    God:    Lugonu [*.....]
Gold:   99         SH:  0    Dex: 12    Spells: 2/2 levels left

rFire    x . .     SeeInvis .   a - +1 hand axe
rCold    + . .     Gourm    .   (no shield)
rNeg     . . .     Faith    .   l - +0 chain mail (curse)
rPois    .         Spirit   .   (no helmet)
rElec    .         Reflect  .   (no cloak)
rCorr    .         Harm     .   (no gloves)
MR       .....                  (no boots)
Stlth    ..........             (no amulet)
HPRegen  0.10/turn              j - ring of ice
MPRegen  0.09/turn              (no ring)

@: lethally poisoned (-2 -> -12)
A: sturdy frame 1
a: Depart the Abyss, Renounce Religion


You were on level 2 of the Dungeon.
You worshipped Lugonu.
Lugonu was aware of your devotion.
You were not hungry.

You visited 1 branch of the dungeon, and saw 2 of its levels.
You visited the Abyss 1 time.

You collected 99 gold pieces.

Inventory:

Hand Weapons
 a - a +1 hand axe (weapon)
Armour
 b - a +0 leather armour
 l - a cursed +0 chain mail (worn)
Jewellery
 j - a ring of ice (left hand)
Scrolls
 e - a scroll of fog {unknown}
 f - 2 scrolls of identify {unknown}
 h - a scroll of amnesia
 i - a scroll of teleportation {unknown}
 k - a scroll of blinking {unknown}
Potions
 d - 2 potions of curing {unknown}
 g - a potion of invisibility {unknown}
Comestibles
 c - 2 rations


   Skills:
 + Level 3.7 Fighting
 + Level 2.1 Axes
 + Level 2.0 Armour
 + Level 1.1 Dodging
 + Level 2.6 Invocations


You had 2 spell levels left.
You didn't know any spells.

Dungeon Overview and Level Annotations

Branches:
Dungeon (2/15)

Altars:


Innate Abilities, Weirdness & Mutations

Your movements are slightly less encumbered by armour. (ER -2)


Message History

You are lethally poisoned!
The adder poisons you! The adder closely misses you.
You closely miss the adder.
The adder is almost dead.
* * * LOW HITPOINT WARNING * * *
You feel sick. The adder bites you.
* * * LOW HITPOINT WARNING * * *
Your chain mail prevents you from hitting the adder.
The adder is almost dead.
* * * LOW HITPOINT WARNING * * *
You feel sick. The adder bites you.
* * * LOW HITPOINT WARNING * * *
You are more poisoned.
The adder poisons you! The adder barely misses you.
Unknown command.
Your chain mail prevents you from hitting the adder.
The adder is almost dead.
* * * LOW HITPOINT WARNING * * *
You feel sick. The adder bites you.
You die...

#.#.######
###.# ###.#
#.#.. #.# #.#
#.... #.# #.#
## #.# #.# #..
#.# #.#####.#
#.......#
#.##.#########
#.....@S......
#..#.#########
#..#.# #. ..#
#.#..# . #..#
## #..# .#.


You could see an adder.

Vanquished Creatures
  A dart slug (D:1)
  A leopard gecko (D:1)
  2 goblins (D:1)
  4 hobgoblins
  3 jackals (D:1)
  7 kobolds
  A quokka (D:2)
  A ball python (D:1)
  2 bats (D:1)
  5 frilled lizards
  3 rats
30 creatures vanquished.

Notes
Turn   | Place    | Note
-------+----------+-------------------------------------------
     0 | Abyss:1  | Kairos the Demonspawn Abyssal Knight began the quest for the Orb.
     0 | Abyss:1  | Reached XP level 1. HP: 18/18 MP: 2/2
    20 | Abyss:1  | Found a corrupted altar of Lugonu.
    79 | Abyss:1  | Noticed a flayed ghost
    81 | D:1      | Escaped the Abyss
   239 | D:1      | Gained mutation: Your movements are slightly less encumbered by armour. (ER -2) [demonic ancestry]
   239 | D:1      | Reached XP level 2. HP: 11/24 MP: 3/3
   408 | D:1      | Reached skill level 1 in Dodging
   409 | D:1      | Reached * piety under Lugonu
  1112 | D:2      | Reached XP level 3. HP: 25/30 MP: 4/4
  1206 | D:2      | HP: 1/30 [poisoned by an adder]
  1206 | D:2      | Slain by an adder

Skill      XL: |  1  2  3 |
---------------+----------+-----
Dodging        | 1 |  1.1
Axes           | 2 |  2.1
Armour         | 2 |  2.0
Fighting       | |  3.7
Invocations    | |  2.6

Action                   || total
-------------------------++-------
Melee: Hand axe          ||   124
Invok: Depart the Abyss  ||     1
  Use: Scroll            ||     1
  Eat: Chunk             ||     1
Armor: Leather armour    ||    37
       Chain mail        ||     7
Dodge: Dodged            ||    81
